 Dungeon Crawl Stone Soup version 0.29.1-1-gd02db6906a (webtiles) character file.

Game seed: 2683279451990558613

4050 EvilAshe the Martial Artist (level 9, -6/63 HPs)
             Began as a Demigod Transmuter on Sept 22, 2022.
             Mangled by a yak (16 damage)
             ... on level 9 of the Dungeon.
             The game lasted 00:30:15 (12365 turns).

EvilAshe the Martial Artist (Demigod Transmuter)   Turns: 12365, Time: 00:30:16

Health: -6/63      AC:  4    Str: 11    XL:     9   Next: 75%
Magic:  0/14       EV: 17    Int: 15    God:
Gold:   388        SH:  0    Dex: 26    Spells: 2/11 levels left

rFire   + . .      SeeInvis .     - Unarmed
rCold   . . .      Faith    .   (no shield)
rNeg    . . .      Spirit   .   k - +0 leather armour
rPois   .          Reflect  .   (helmet currently unavailable)
rElec   .          Harm     .   (no cloak)
rCorr   .          Rampage  .   z - +0 pair of gloves
Will    +....                   (boots currently unavailable)
Stlth   ++........              (no amulet)
HPRegen 0.20/turn               a - ring of willpower
MPRegen 0.14/turn               m - ring of protection from fire

@: appendages, wereblooded
A: horns 2, talons 2, high MP 1, forlorn, divine attributes
a: End Transformation


You were on level 9 of the Dungeon.
You had temporarily grown beastly horns and talons.
You visited 1 branch of the dungeon, and saw 9 of its levels.

You collected 388 gold pieces.

Inventory:

Missiles
 g - 67 stones
 j - 7 boomerangs (quivered)
 o - 32 poisoned darts
 E - 3 silver boomerangs
Armour
 k - a +0 leather armour (worn)
 l - a +1 pair of boots (melded)
 s - a +0 helmet (melded)
 z - a +0 pair of gloves (worn)
Jewellery
 a - a ring of willpower (left hand)
 m - a ring of protection from fire (right hand)
 v - a ring of resist corrosion
 D - a +6 ring of dexterity
Wands
 w - a wand of flame (27)
 F - a wand of polymorph (10)
Scrolls
 c - a scroll of summoning {unknown}
 d - a scroll of poison
 p - 2 scrolls of vulnerability {unknown}
 r - 3 scrolls of enchant armour
 u - a scroll of amnesia {unknown}
 y - 4 scrolls of teleportation
 A - 4 scrolls of immolation {unknown}
 B - a scroll of torment {unknown}
 C - 7 scrolls of identify
Potions
 b - 4 potions of lignification
 e - a potion of flight
 f - 2 potions of berserk rage
 h - a potion of invisibility
 i - 2 potions of attraction
 n - a potion of haste
 q - 2 potions of degeneration {unknown}
 t - 3 potions of heal wounds {unknown}
 x - a potion of ambrosia {unknown}
 G - a potion of might {unknown}


   Skills:
 - Level 0.8 Fighting
 + Level 6.3 Dodging
 * Level 9.2 Unarmed Combat
 - Level 1.7 Spellcasting
 + Level 4.8 Necromancy
 + Level 6.4 Transmutations


You had 2 spell levels left.
You knew the following spells:

 Your Spells              Type           Power      Damage    Failure   Level
a - Beastly Appendage     Tmut           40%        N/A       2%          1
b - Wereblood             Tmut           20%        N/A       3%          2
d - Spider Form           Tmut/Pois      10%        N/A       24%         3
z - Vampiric Draining     Necr           15%        2d7       12%         3

Your spell library contained the following spells:

 Spells                   Type           Power      Damage    Failure   Level
 Necrotise                Necr           60%        1d7       4%          1
 Scorch                   Fire           2%         2d5       41%         2
 Static Discharge         Conj/Air       1%         3-4/arc   41%         2
 Dispel Undead            Necr           15%        3d10      38%         4
 Blade Hands              Tmut           10%        N/A       52%         5
 Ice Form                 Ice/Tmut       10%        N/A       63%         4
 Conjure Flame            Conj/Fire      1%         6-21      65%         3
 Portal Projectile        Hex/Tloc       2%         N/A       65%         3
 Tukima's Dance           Hex            1%         N/A       65%         3
 Agony                    Necr           15%        N/A       75%         5
 Irradiate                Conj/Tmut      5%         3d13      92%         5
 Yara's Violent Unravell  Hex/Tmut       5%         3d4       92%         5
 Passage of Golubria      Tloc           1%         N/A       96%         4
 Sticky Flame             Conj/Fire      1%         2d3       96%         4
 Fireball                 Conj/Fire      0%         3d3       100%        5
 Eringya's Noxious Bog    Tmut/Pois      5%         N/A       100%        6
 Starburst                Conj/Fire      0%         6d3       100%        6
 Ignition                 Fire           0%         3d3       100%        8


Dungeon Overview and Level Annotations

Branches:
Dungeon (9/15)             Temple (0/1) D:6             Orc (0/2) D:9
   Lair: D:8-11

Shops:
D:5 [


Innate Abilities, Weirdness & Mutations

You have temporarily grown beastly horns and talons.
You have an increased reservoir of magic. (+10% MP)
You shall have no god before yourself.
Your divine heritage dramatically boosts your attributes as you level up.


Message History

* * * LOW HITPOINT WARNING * * *
The yak misses you.
Casting: Vampiric Draining (dangerous; 13% risk of failure)
Confirm with . or Enter, or press ? or * to list all spells.
Aiming: Vampiric Draining (dangerous; 13% risk of failure)
Press: ? - help, Shift-Dir - straight line, f/p - yak
Aim: a yak (severely wounded)
You draw life force from the yak!
You feel life coursing into your body!
You howl as the wereblood boils in your veins!
The yak closely misses you. x2
Casting: Vampiric Draining (dangerous; 13% risk of failure)
Confirm with . or Enter, or press ? or * to list all spells.
Aiming: Vampiric Draining (dangerous; 13% risk of failure)
Press: ? - help, Shift-Dir - straight line, f/p - yak
Aim: a yak (almost dead)
You draw life force from the yak.
You feel a bit better.
You kill the yak!
You howl as the wereblood boils in your veins!
The yak gores you!
* * * LOW HITPOINT WARNING * * *
Casting: Vampiric Draining (dangerous; 12% risk of failure)
Confirm with . or Enter, or press ? or * to list all spells.
Aiming: Vampiric Draining (dangerous; 12% risk of failure)
Press: ? - help, Shift-Dir - straight line, f - yak
Aim: a yak You draw life force from the yak.
You feel life coursing into your body. The yak misses you.
Casting: Vampiric Draining (dangerous; 12% risk of failure)
Confirm with . or Enter, or press ? or * to list all spells.
You don't have enough magic to cast this spell.
Unknown command.
You barely miss the yak. You claw the yak, but do no damage.
You headbutt the yak.
The yak is lightly wounded.
You howl as the wereblood boils in your veins!
The yak misses you.
You hit the yak. You claw the yak. You punch the yak.
The yak is heavily wounded.
The yak gores you!
You die...

....... #......#
....... #.....$#
..Y....######......#
......YY....'......#
.......######......#
....... #......#
.###### ###'#### .#
#.Y# ########
####@#### .......
#.......# ...>...
#.<.....+
.......#####)......#
.......#...).......#
.........###.......#
.......### #.......#
....... #.......#
g..?... ##+######


You could see a yak.

Vanquished Creatures
  Prince Ribbit (D:7)
  2 yaks (D:9)
  Sigmund (D:4)
  Menkaure (D:4)
  2 steam dragons (D:8)
  2 water moccasins
  2 black bears
  3 ice beasts (D:5)
  A sky beast (D:5)
  3 ogres
  2 centaurs (D:6)
  4 phantoms
  2 kobold brigands
  2 necrophages (D:5)
  2 bullfrogs
  4 scorpions
  4 wights
  A howler monkey (D:5)
  5 hounds
  3 jellies
  A gnoll bouda (D:6)
  Terence (D:2)
  4 orc wizards
  Natasha (thrice) (D:2)
  An iguana (D:5)
  Robin (D:4)
  2 gnolls (D:9)
  7 adders
  A white imp (D:6)
  5 ufetubi
  4 worms
  5 dart slugs
  16 orcs
  7 endoplasms
  3 giant cockroaches
  13 goblins
  8 hobgoblins
  3 jackals (D:4)
  17 kobolds
  5 quokkas
  6 ball pythons
  6 bats
  3 frilled lizards
  8 rats
177 creatures vanquished.

Vanquished Creatures (others)
  2 fungi (D:9)
  5 plants
  2 withered plants (D:7)
9 creatures vanquished.

Grand Total: 186 creatures vanquished

Notes
Turn   | Place    | Note
-------+----------+-------------------------------------------
     0 | D:1      | EvilAshe the Demigod Transmuter began the quest for the
                  | Orb.
     0 | D:1      | Reached XP level 1. HP: 15/15 MP: 5/5
   321 | D:1      | Reached skill level 3 in Unarmed Combat
   369 | D:1      | Reached XP level 2. HP: 18/22 MP: 5/7
   751 | D:1      | Learned a level 2 spell: Wereblood
  1132 | D:2      | Reached XP level 3. HP: 27/27 MP: 8/8
  1147 | D:2      | Noticed Natasha
  1158 | D:2      | Killed Natasha
  1281 | D:2      | Noticed Natasha
  1509 | D:2      | Killed Natasha
  1510 | D:2      | Reached XP level 4. HP: 29/34 MP: 7/9
  1527 | D:2      | Noticed Natasha
  1815 | D:2      | Killed Natasha
  1816 | D:2      | Reached skill level 4 in Unarmed Combat
  1871 | D:2      | Noticed Terence
  2963 | D:4      | Reached XP level 5. HP: 39/39 MP: 8/10
  3140 | D:4      | Noticed Menkaure
  3371 | D:4      | Reached skill level 5 in Unarmed Combat
  3371 | D:4      | Reached XP level 6. HP: 23/46 MP: 8/11
  3484 | D:4      | Noticed Robin
  3776 | D:4      | Killed Robin
  3913 | D:4      | Noticed Sigmund
  3923 | D:4      | Killed Sigmund
  3942 | D:5      | Entered Level 5 of the Dungeon
  4344 | D:4      | Learned a level 3 spell: Vampiric Draining
  4464 | D:4      | Reached XP level 7. HP: 38/51 MP: 12/12
  4946 | D:2      | Killed Terence
  5174 | D:5      | Reached skill level 1 in Necromancy
  5186 | D:5      | Reached skill level 6 in Unarmed Combat
  5551 | D:5      | Reached XP level 8. HP: 47/58 MP: 13/13
  5742 | D:5      | Reached skill level 7 in Unarmed Combat
  6091 | D:5      | Found Waur's Armour Shoppe.
  6430 | D:6      | Reached skill level 5 in Transmutations
  6462 | D:6      | Noticed a boulder beetle
  6519 | D:5      | Reached skill level 5 in Dodging
  8010 | D:6      | Found a staircase to the Ecumenical Temple.
  8414 | D:6      | HP: 3/87 [kobold brigand/+0 short sword (4)]
  8762 | D:6      | Got the Catalogue of the Molten Figure
  8924 | D:6      | Reached skill level 8 in Unarmed Combat
  9077 | D:6      | Reached XP level 9. HP: 50/63 MP: 12/14
  9143 | D:6      | Learned a level 3 spell: Spider Form
  9693 | D:7      | Noticed Prince Ribbit
  9704 | D:7      | Killed Prince Ribbit
 10597 | D:7      | Identified the +8 spear of Ruination {flame, rPois rF+}
 11515 | D:4      | Killed Menkaure
 11706 | D:8      | Reached skill level 9 in Unarmed Combat
 12312 | D:9      | Found a staircase to the Orcish Mines.
 12365 | D:9      | Mangled by a yak

Illustrated notes

Levels and vault maps discovered:
D:1:      tarquinn_simple_flora_water_c, layout_rooms
D:2:      layout_loops_ring, hellmonk_ecumenical_altar_crossroads,
          kennysheep_generic_room_15, uniq_natasha, uniq_terence
D:3:      layout_loops_ring
D:4:      nicolae_BIG_FREAKIN_CUBE, layout_basic, fedhas_altar_1,
          minmay_ruptured, uniq_menkaure, uniq_sigmund, uniq_robin
D:5:      layout_basic, serial_shops, shop
D:6:      minmay_clustersquares, layout_basic, nicolae_hepliaklqana_hippocampus,
          minmay_temple_entry_hall
D:7:      layout_rooms, yredelemnul_altar_generic, tso_metal_star,
          mrwooster_statue_mirror, uniq_prince_ribbit1, uniq_crazy_yiuf_cottage
D:8:      layout_cave_pods, mainiacjoe_overflow_alcove_1,
          mainiacjoe_overflow_paths
D:9:      layout_roguey, okawaru_metal_pillars_1_2, david_lair_generic,
          orc_0_dummy

Skill      XL: |  1  2  3  4  5  6  7  8  9 |
---------------+----------------------------+-----
Dodging        | 2 3 4 5 6 |  6.3
Unarmed Combat | 3 4 5 6 8 9 |  9.2
Transmutations | 2 3 4 5 6 |  6.4
Necromancy     | 2 3 4 |  4.8
Fighting       | |  0.8
Spellcasting   | |  1.7

Action                   |  1- 3 |  4- 6 |  7- 9 || total
-------------------------+-------+-------+-------++-------
Melee: Unarmed           |    95 |   164 |   334 ||   593
       Kick              |    10 |    37 |    83 ||   130
       Headbutt          |     9 |    22 |    52 ||    83
       Punch             |     1 |     3 |    18 ||    22
Throw: Boomerang         |       |    12 |    29 ||    41
       Dart              |       |       |    36 ||    36
 Cast: Beastly Appendage |    11 |    32 |    57 ||   100
       Wereblood         |       |     3 |     5 ||     8
       Vampiric Draining |       |       |     4 ||     4
  Use: Scroll            |       |    11 |     2 ||    13
       Potion            |       |       |     5 ||     5
 Stab: Sleeping          |     2 |     2 |       ||     4
Armor: Robe              |     7 |       |       ||     7
       Leather armour    |    10 |    31 |    72 ||   113
Dodge: Dodged            |    64 |    99 |   302 ||   465
